 Dungeon Crawl Stone Soup version 0.26-a0-1126-g3318b609a0 (webtiles) character file.

Game seed: 13998018157622451663

586 sanka the Covert (level 7, -9/32 HPs)
             Began as a Spriggan Enchanter on Dec 17, 2020.
             Killed by divine providence
             ... invoked by an orc priest
              (10 damage)
             ... on level 4 of the Dungeon.
             The game lasted 00:08:38 (4928 turns).

sanka the Covert (Spriggan Enchanter)               Turns: 4928, Time: 00:08:38

Health: -9/32      AC:  2    Str:  4    XL:     7   Next: 15%
Magic:  4/12       EV: 18    Int: 16    God:
Gold:   163        SH:  0    Dex: 19    Spells: 6/12 levels left

rFire    . . .     SeeInvis +   a - +1 dagger
rCold    . . .     Faith    .   (shield restricted)
rNeg     + + .     Spirit   .   b - +0 robe
rPois    .         Reflect  .   (helmet restricted)
rElec    .         Harm     .   (no cloak)
rCorr    .         Rampage  .   (gloves unavailable)
Will     +....                  (boots unavailable)
Stlth    ++++......             (no amulet)
HPRegen  0.10/turn              h - ring of positive energy
MPRegen  0.13/turn              j - ring of positive energy

@: very quick
A: very small, unfitting armour, see invisible, speed 3
a: no special abilities


You were on level 4 of the Dungeon.
You visited 1 branch of the dungeon, and saw 4 of its levels.

You collected 163 gold pieces.


Innate Abilities, Weirdness & Mutations

You are very small and have problems with some larger weapons.
You are too small for most types of armour.
You have supernaturally acute eyesight. (SInv)
You cover ground extremely quickly.


   Skills:
 - Level 5.0 Short Blades
 - Level 3.0 Dodging
 - Level 8.0 Stealth
 - Level 3.0 Spellcasting
 + Level 6.3 Hexes


You had 6 spell levels left.
You knew the following spells:

 Your Spells              Type           Power        Failure   Level
z - Ensorcelled Hibernat  Hex/Ice        24%          8%          2
X - Confusing Touch       Hex            22%          4%          3
Z - Corona                Hex            24%          1%          1

Your spell library contained the following spells:

 Spells                   Type           Power        Failure   Level
 Tukima's Dance           Hex            22%          4%          3
 Dazzling Flash           Conj/Hex       24%          16%         3

Inventory:

Hand Weapons
 a - a +1 dagger (weapon)
 s - a +3 short sword of distortion
Missiles
 k - 4 curare-tipped darts {=f}
Armour
 b - a +0 robe (worn)
 f - a +0 buckler
Jewellery
 h - a ring of positive energy (left hand)
 j - a ring of positive energy (right hand)
Scrolls
 c - a scroll of magic mapping {unknown}
 d - 2 scrolls of noise {unknown}
 e - 6 scrolls of identify {unknown}
 g - a scroll of enchant armour {unknown}
 i - 3 scrolls of remove curse {unknown}
 l - 2 scrolls of amnesia {unknown}
 m - 2 scrolls of blinking {unknown}
Potions
 n - a potion of mutation {unknown}
 o - a potion of brilliance {unknown}
 p - a potion of curing {unknown}
 q - a potion of heal wounds {unknown}
 r - a potion of cancellation {unknown}

Dungeon Overview and Level Annotations

Branches:
Dungeon (4/15)
 Temple: D:4-7

Altars:
Dithmenos
Okawaru
Sif Muna

▒▒ ▒▒▒▒▒ .▒ ▒▒▒▒...▒
.▒▒▒▒▒▒▒▒......▒▒▒▒▒▒▒▒ ▒▒▒
....................... .>.
.▒▒▒▒▒▒▒▒......▒▒▒▒▒▒▒▒ ▒.▒ .▒
▒▒▒▒...▒▒▒▒†....▒ ▒.▒
.▒▒▒▒........▒▒▒.....▒▒▒▒▒.▒▒
................i...o.)o....▒▒
.▒▒▒▒........▒▒▒.....▒▒▒▒▒...▒
.▒ ▒........▒ ▒.....▒ ▒.▒.▒▒
▒▒ ▒........▒ ▒▒▒▒▒▒▒ ▒.▒..▒
▒▒▒▒▒........▒ ▒....▒
▒...▒▒▒▒▒▒...▒ ▒o...▒ ▒...▒▒
▒▒▒▒▒ ▒.l..▒ .....▒
...▒▒▒▒.l..▒▒ .....▒
.o..........▒


You could see an orc priest and an orc.


Message History

You hit the orc.
The orc is moderately wounded.
The orc misses you.
You hit the orc but do no damage.
The orc is moderately wounded.
The orc hits you with a +0 trident.
You hit the orc but do no damage.
The orc is moderately wounded.
You hit the orc but do no damage.
The orc is moderately wounded.
The orc completely misses you.
You hit the orc but do no damage.
The orc is moderately wounded.
The orc hits you with a +0 trident.
* * * LOW HITPOINT WARNING * * *
You barely miss the orc.
The orc is moderately wounded.
You hit the orc but do no damage.
The orc is moderately wounded.
The orc barely misses you.
The orc priest casts a cantrip, but nothing happens.
You barely miss the orc.
The orc is moderately wounded.
The orc completely misses you.
The orc priest invokes the aid of Beogh against you.
Beogh smites you!
* * * LOW HITPOINT WARNING * * *
The orc priest calls down the wrath of Beogh upon you.
Beogh smites you!
You die...

Action                   |  1- 3 |  4- 6 |  7- 9 || total
-------------------------+-------+-------+-------++-------
Melee: Dagger            |   100 |    87 |    36 ||   223
 Cast: Corona            |    10 |       |       ||    10
       Ensorcelled Hiber |    14 |    53 |    12 ||    79
       Confusing Touch   |       |     2 |     1 ||     3
 Stab: Sleeping          |    20 |    35 |     7 ||    62
       Confused          |       |     4 |     1 ||     5
Armor: Robe              |    12 |     8 |     1 ||    21
Dodge: Dodged            |    82 |    71 |    25 ||   178

Levels and vault maps discovered:
D:1:      minmay_arrival_stair_chambers, layout_basic
D:2:      cheibrodos_greedy_goblins, layout_rooms,
          nicolae_dithmenos_through_a_glass_darkly, lemuel_blue_sif_altar
D:3:      layout_rooms
D:4:      layout_basic, kennysheep_mini_moat, uniq_crazy_yiuf_cottage,
          uniq_natasha, uniq_blork_the_orc

Notes
Turn   | Place    | Note
-------+----------+-------------------------------------------
     0 | D:1      | sanka the Spriggan Enchanter began the quest for the Orb.
     0 | D:1      | Reached XP level 1. HP: 9/9 MP: 5/5
   524 | D:1      | Reached skill level 5 in Stealth
   565 | D:1      | Reached XP level 2. HP: 12/13 MP: 3/6
   592 | D:1      | Learned a level 2 spell: Ensorcelled Hibernation
   749 | D:1      | Reached skill level 6 in Stealth
   850 | D:1      | Reached XP level 3. HP: 16/16 MP: 8/8
  1520 | D:2      | Reached skill level 7 in Stealth
  1917 | D:2      | Found a shimmering blue altar of Sif Muna.
  1957 | D:2      | Reached XP level 4. HP: 20/21 MP: 4/9
  2238 | D:1      | Reached skill level 8 in Stealth
  2701 | D:2      | Noticed a bullfrog
  2823 | D:2      | Killed a bullfrog
  2824 | D:2      | Reached skill level 3 in Short Blades
  2824 | D:2      | Reached XP level 5. HP: 24/24 MP: 7/10
  2876 | D:2      | Found a shadowy altar of Dithmenos.
  3039 | D:3      | Learned a level 3 spell: Confusing Touch
  3434 | D:3      | Reached skill level 4 in Short Blades
  4021 | D:4      | Noticed a phantom
  4026 | D:4      | Reached skill level 5 in Short Blades
  4026 | D:4      | Reached XP level 6. HP: 28/28 MP: 11/11
  4142 | D:3      | Reached skill level 3 in Spellcasting
  4142 | D:3      | Reached skill level 4 in Hexes
  4377 | D:4      | Found an iron altar of Okawaru.
  4471 | D:4      | Reached skill level 5 in Hexes
  4554 | D:4      | Noticed Blork the orc
  4575 | D:4      | Killed Blork the orc
  4620 | D:4      | Reached XP level 7. HP: 29/32 MP: 6/12
  4685 | D:4      | Reached skill level 6 in Hexes
  4924 | D:4      | HP: 1/32 [orc priest/divine providence (15)]
  4928 | D:4      | Killed from afar by an orc priest

Vanquished Creatures
  A phantom (D:3)
  Blork the orc (D:4)
  A bullfrog (D:2)
  A scorpion (D:4)
  A bullfrog skeleton (D:3)
  2 orc priests (D:4)
  An orc wizard (D:3)
  An iguana (D:4)
  A worker ant (D:4)
  A gnoll (D:1)
  4 adders
  A white imp (D:4)
  A worm (D:4)
  3 dart slugs
  3 leopard geckos
  9 orcs
  2 ball pythons
  4 bats
  6 giant cockroaches
  12 goblins
  9 hobgoblins
  3 jackals (D:3)
  3 kobolds
  A quokka (D:2)
  5 frilled lizards
  3 rats
80 creatures vanquished.
